[Event "Titled Tuesday Blitz June 1 2021"]
[White "Batchimeg, Tuvshintugs"]
[Black "Taboas Rodriguez, Daniel"]
[WhiteFideId "4900839"]
[BlackFideId "2208466"]
[WhiteElo "2295"]
[BlackElo "2429"]
[Result "0-1"]
[Round "07"]
[TimeControl "180+1"]
[Date "2021.06.01"]
[WhiteClock "0:00:01"]
[BlackClock "0:01:01"]

1. e4 e6 2. d4 d5 3. Nc3 Nc6 4. Bb5 a6 5. Bxc6+ bxc6 6. Nf3 Nf6 7. Bg5 Be7 8. e5 Nd7 9. Bxe7 Qxe7 10. O-O c5 11. Ne2 a5 12. c3 Ba6 13. Re1 Bxe2 14. Rxe2 O-O 15. b3 a4 16. Rb1 Ra6 17. dxc5 Nxc5 18. b4 Ne4 19. Qd3 Rc6 20. Rc2 Rb8 21. a3 h6 22. Nd4 Rc4 23. f3 Ng5 24. Ra1 Qd7 25. b5 Qe7 26. h4 Nh7 27. g3 Qc5 28. Kg2 Nf8 29. f4 Nd7 30. Kf3 Qb6 31. Rb1 Nc5 32. Qe3 Ne4 33. Rb4 Qc5 34. g4 Rxc3 35. Rxc3 Qxc3 36. Qxc3 Nxc3 37. Ke3 Ra8 38. f5 Re8 39. fxe6 fxe6 40. Kd3 Nd1 41. Ke2 Nc3+ 42. Ke3 Rf8 43. Nxe6 Re8 44. Kd4 Rxe6 45. Kxc3 Rxe5 46. Rxa4 d4+ 47. Rxd4 Rxb5 48. Kc4 Ra5 49. Kb4 Ra7 50. Rd8+ Kf7 51. Rd7+ Kf6 52. Kb3 g6 53. g5+ hxg5 54. hxg5+ Kxg5 55. a4 Kf4 56. Kb4 g5 57. Kb5 g4 58. a5 g3 59. Rf7+ Ke3 60. a6 c6+ 61. Kxc6 Rxf7 0-1


[Site "https://www.chess.com"]

[Event "Titled Tuesday Blitz June 1 2021"]
[White "Bluebaum, Matthias"]
[Black "Indjic, Aleksandar"]
[WhiteFideId "24651516"]
[BlackFideId "911925"]
[WhiteElo "2685"]
[BlackElo "2643"]
[Result "1/2-1/2"]
[Round "07"]
[TimeControl "180+1"]
[Date "2021.06.01"]
[WhiteClock "0:00:13"]
[BlackClock "0:00:07"]

1. d4 Nf6 2. c4 c5 3. d5 e6 4. Nc3 exd5 5. cxd5 d6 6. e4 g6 7. Nf3 a6 8. a4 Bg4 9. h3 Bxf3 10. Qxf3 Bg7 11. Bd3 O-O 12. O-O Nbd7 13. Bc2 Rc8 14. Bf4 Qe7 15. Rfe1 c4 16. a5 Rc5 17. Ra4 Ne5 18. Qe2 Nfd7 19. Be3 Qd8 20. Bxc5 Nxc5 21. Raa1 Qh4 22. Rad1 h5 23. Qe3 g5 24. Ne2 g4 25. Qg3 Qf6 26. hxg4 hxg4 27. Nd4 Kh7 28. Nf5 Rh8 29. Nxg7 Qxg7 30. Kf1 Kg8 31. Qc3 Rh2 32. Ke2 Rxg2 33. Rg1 Rxg1 34. Rxg1 Kf8 35. Rh1 Qf6 36. Qe3 Ng6 37. Qc3 Qg5 38. Qe3 Nf4+ 39. Kd2 Nd7 40. Kc1 Ne5 41. Kb1 Qf6 42. Qb6 Nh3 43. Qxb7 Qxf2 44. Qxa6 Qf3 45. Re1 Ke7 46. Qb7+ Nd7 47. a6 Qf2 48. Rc1 Qb6 49. Qxb6 Nxb6 50. a7 g3 51. Ba4 g2 52. Kc2 g1=Q 53. Rxg1 Nxg1 54. Bc6 Nf3 55. Kc3 Ne5 56. a8=Q Nxa8 57. Bxa8 Kf6 58. Kd4 Kg5 59. Bb7 Kf4 60. Ba6 Nf3+ 61. Kxc4 Kxe4 62. b4 Ne5+ 63. Kc3 Kxd5 64. Bb7+ Ke6 65. b5 Kd7 66. b6 f5 67. Bd5 f4 68. Kd4 Kc8 69. Ke4 f3 70. Ke3 Kb8 71. Be4 Nc4+ 72. Kxf3 Nxb6 73. Ke3 Kc7 74. Kd4 Nd7 75. Bf3 Nf6 76. Bg2 Kd7 77. Bh1 Ke6 78. Bg2 Kf5 79. Bh3+ Kf4 80. Bf1 Kg3 81. Bb5 Kf3 82. Bc6+ Kf4 83. Bb7 d5 84. Bxd5 1/2-1/2


[Site "https://www.chess.com"]

[Event "Titled Tuesday Blitz June 1 2021"]
[White "Bruned, Yvain"]
[Black "Gelman, Alexander"]
[WhiteFideId "2250292"]
[BlackFideId "4118316"]
[WhiteElo "2073"]
[BlackElo "2375"]
[Result "0-1"]
[Round "07"]
[TimeControl "180+1"]
[Date "2021.06.01"]
[WhiteClock "0:00:01"]
[BlackClock "0:00:12"]

1. b3 b6 2. Bb2 Bb7 3. e3 e6 4. Nf3 Nf6 5. Be2 c5 6. O-O d6 7. d4 Nbd7 8. c4 a6 9. Nbd2 Qc7 10. Rc1 Rg8 11. a3 g5 12. Ne1 g4 13. b4 h5 14. dxc5 dxc5 15. bxc5 bxc5 16. f4 h4 17. e4 Nxe4 18. Nxe4 Bxe4 19. Bxg4 Rb8 20. Bc3 Bd6 21. Bf3 Bxf3 22. Qxf3 Rb3 23. Qa8+ Nb8 24. Be5 Bxe5 25. fxe5 Qxe5 26. Nf3 Qe3+ 27. Kh1 Qe2 28. Nxh4 Rb2 29. Qa7 Nd7 30. Qa8+ Nb8 31. Qa7 Rg7 32. Qc7 Nd7 33. Qf4 Rxg2 34. Qxf7+ Kd8 35. Qg8+ Rxg8 0-1


[Site "https://www.chess.com"]

[Event "Titled Tuesday Blitz June 1 2021"]
[White "Can, Emre"]
[Black "Garcia Garcia, Alejandro"]
[WhiteFideId "6302181"]
[BlackFideId "3516334"]
[WhiteElo "2503"]
[BlackElo "2131"]
[Result "1-0"]
[Round "07"]
[TimeControl "180+1"]
[Date "2021.06.01"]
[WhiteClock "0:01:19"]
[BlackClock "0:00:20"]

1. d4 Nf6 2. c4 g6 3. Nc3 Bg7 4. Nf3 d6 5. e4 O-O 6. Be2 e5 7. dxe5 dxe5 8. Qxd8 Rxd8 9. Bg5 Re8 10. Nd5 Nxd5 11. cxd5 c6 12. Bc4 b5 13. Bb3 a5 14. dxc6 Nxc6 15. Bd5 Ra6 16. a3 Be6 17. Bxe6 Rxe6 18. Ke2 f6 19. Be3 a4 20. Rhc1 Na5 21. Rc8+ Kf7 22. Rac1 Nc4 23. Rb8 Ra5 24. Bc5 Rc6 25. Rb7+ Kg8 26. Bb4 Raa6 27. Rd1 Ra8 28. Rdd7 Bh6 29. Rxh7 Nxb2 30. Rxh6 Rc2+ 31. Nd2 Rd8 32. Rxg6+ Kh8 33. Rh6+ Kg8 34. Rhh7 Nc4 35. Rbg7# 1-0


[Site "https://www.chess.com"]

[Event "Titled Tuesday Blitz June 1 2021"]
[White "Cunjalo, Faris"]
[Black "Ghimpu, Samuel-Timotei"]
[WhiteFideId "14410710"]
[BlackFideId "1238175"]
[WhiteElo "2234"]
[BlackElo "2026"]
[Result "1-0"]
[Round "07"]
[TimeControl "180+1"]
[Date "2021.06.01"]
[WhiteClock "0:01:02"]
[BlackClock "0:00:13"]

1. d4 Nf6 2. c4 g6 3. Nc3 d5 4. Nf3 Bg7 5. cxd5 Nxd5 6. Na4 Bf5 7. Nc5 b6 8. e4 bxc5 9. exf5 cxd4 10. Nxd4 O-O 11. fxg6 hxg6 12. Be2 Nb4 13. a3 Qxd4 14. axb4 Qxb4+ 15. Bd2 Qxb2 16. Rb1 Qf6 17. Bf3 c6 18. O-O Nd7 19. Qa4 Ne5 20. Be4 Rfd8 21. Bc3 a5 22. f4 Qd6 23. Bxe5 Bxe5 24. fxe5 Qxe5 25. Bxc6 Rab8 26. Rbe1 Qc5+ 27. Kh1 Rb4 28. Qa2 e6 29. Bf3 Kg7 30. Rc1 Qe5 31. Rfe1 Qf4 32. Qxa5 Rb2 33. Qxd8 1-0


[Site "https://www.chess.com"]

[Event "Titled Tuesday Blitz June 1 2021"]
[White "Dang, Hoang Son"]
[Black "Hansen, Eric"]
[WhiteFideId "12402435"]
[BlackFideId "2606771"]
[WhiteElo "2248"]
[BlackElo "2568"]
[Result "0-1"]
[Round "07"]
[TimeControl "180+1"]
[Date "2021.06.01"]
[WhiteClock "0:00:04"]
[BlackClock "0:00:06"]

1. d4 Nf6 2. c4 e6 3. Nf3 b6 4. g3 Ba6 5. Qa4 Bb7 6. Bg2 c5 7. O-O Qc7 8. Bf4 Qc6 9. Qxc6 Nxc6 10. dxc5 Bxc5 11. Nc3 Ke7 12. a3 a5 13. Na4 d6 14. Rac1 Rhd8 15. Rfd1 h6 16. Bd2 Ne4 17. Be1 f5 18. e3 g5 19. Nd4 g4 20. Nb5 Ne5 21. b3 Bc6 22. Ra1 Bxb5 23. cxb5 d5 24. b4 axb4 25. axb4 Bd6 26. Nxb6 Rab8 27. Ra7+ Kf6 28. Ra6 Nf3+ 29. Kf1 Rb7 30. Ke2 Rdb8 31. Na4 Rxb5 32. Nc3 Nxc3+ 33. Bxc3+ Be5 34. Bxe5+ Nxe5 35. Bxd5 R5b6 36. Rxb6 Rxb6 37. Bg2 Rxb4 38. Rd2 Nc4 39. Rc2 Ke5 40. h3 h5 41. hxg4 hxg4 42. Ra2 Nb2 43. Kd2 Na4 44. Bf1 Nc5 45. Kc3 Rb6 46. Ra5 Kd6 47. Kc4 Ne4 48. Ra2 Ke5 49. Bg2 Nf6 50. Kc5 Rb1 51. Kc4 Rc1+ 52. Kd3 Rc5 53. Kd2 Kd6 54. Ra6+ Ke7 55. Ke2 Nd7 56. Kd2 Ne5 57. Ra7+ Kf6 58. Bf1 Nf3+ 59. Kd1 Rd5+ 60. Kc1 Rd2 61. Bc4 Rxf2 62. Ra6 Ng5 63. Kd1 Rf3 64. Ke2 Rxg3 65. Bd5 Rh3 66. Kf2 Ke5 67. Bc4 Rh2+ 68. Kg3 Rc2 69. Ra5+ Kf6 70. Ba2 Ne4+ 71. Kf4 Rf2# 0-1


[Site "https://www.chess.com"]

[Event "Titled Tuesday Blitz June 1 2021"]
[White "Dowgird, Filip"]
[Black "Martin Carmona, Gaston Manuel"]
[WhiteFideId "1121235"]
[BlackFideId "22284567"]
[WhiteElo "2209"]
[BlackElo "2144"]
[Result "1-0"]
[Round "07"]
[TimeControl "180+1"]
[Date "2021.06.01"]
[WhiteClock "0:00:44"]
[BlackClock "0:00:11"]

1. d4 Nf6 2. Bg5 d5 3. Bxf6 gxf6 4. e3 c5 5. dxc5 e6 6. Nc3 Bxc5 7. Qh5 f5 8. O-O-O Qe7 9. Nf3 Nc6 10. Bb5 Bd7 11. g4 fxg4 12. Qxg4 O-O-O 13. Rhg1 f6 14. Rg3 h5 15. Qh4 Bd6 16. Rg6 Rdf8 17. Nd4 Kb8 18. Be2 Ne5 19. Rg2 Qf7 20. Rdg1 Rh7 21. Ndb5 Be7 22. Qf4 a6 23. Nd4 Ka7 24. Nb3 Bd6 25. Qd4+ Ka8 26. h3 Nc6 27. Qb6 e5 28. Bxa6 bxa6 29. Qxa6+ Kb8 30. Nb5 Qe7 31. Qb6+ Kc8 32. Na5 Be8 33. Nxc6 Bxc6 34. Qxc6+ Bc7 35. Qxd5 Rd8 36. Rg8 Rh8 37. Qa8+ Bb8 38. Qc6+ Bc7 39. R8g7 1-0


[Site "https://www.chess.com"]

[Event "Titled Tuesday Blitz June 1 2021"]
[White "Enchev, Ivajlo"]
[Black "Nandhidhaa, P V"]
[WhiteFideId "2907712"]
[BlackFideId "5050847"]
[WhiteElo "2452"]
[BlackElo "1989"]
[Result "1-0"]
[Round "07"]
[TimeControl "180+1"]
[Date "2021.06.01"]
[WhiteClock "0:01:06"]
[BlackClock "0:00:56"]

1. e4 c5 2. Nf3 e6 3. b3 Nc6 4. Bb2 a6 5. c4 Nf6 6. Nc3 d6 7. Bd3 Be7 8. O-O O-O 9. Re1 e5 10. h3 Nh5 11. Nd5 Nf4 12. Nxf4 exf4 13. Qe2 Bf6 14. Bc3 Nd4 15. Bxd4 cxd4 16. e5 dxe5 17. Nxe5 Re8 18. Bxh7+ Kxh7 19. Qh5+ Kg8 20. Qxf7+ Kh7 21. Qg6+ Kg8 22. Nf7 Rxe1+ 23. Rxe1 Qf8 24. Nh6+ Kh8 25. Re8 Be6 26. Rxe6 d3 27. Nf7+ Kg8 28. Rxf6 1-0


[Site "https://www.chess.com"]

[Event "Titled Tuesday Blitz June 1 2021"]
[White "Eugene, Floryan"]
[Black "Aditya Mittal"]
[WhiteFideId "20694784"]
[BlackFideId "35042025"]
[WhiteElo "2531"]
[BlackElo "2171"]
[Result "0-1"]
[Round "07"]
[TimeControl "180+1"]
[Date "2021.06.01"]
[WhiteClock "0:00:02"]
[BlackClock "0:00:05"]

1. e4 c5 2. Nf3 d6 3. d4 cxd4 4. Nxd4 Nf6 5. Nc3 a6 6. Be3 e5 7. Nb3 Be7 8. h3 Be6 9. g4 b5 10. g5 Nfd7 11. h4 Nb6 12. Qf3 N8d7 13. Nd5 Bxd5 14. exd5 Rc8 15. c3 Na4 16. O-O-O Qc7 17. Bd2 O-O 18. Bd3 b4 19. Qe4 f5 20. gxf6 Nxf6 21. Qxb4 Nb6 22. Rdg1 Nbxd5 23. Qa4 Kh8 24. h5 Qb6 25. Rg2 Nb4 26. Bb1 Rc4 27. Qa5 Qc6 28. Rhg1 Bd8 29. Qa3 Rg8 30. Na5 Bxa5 31. Qxa5 Ne4 32. Rxg7 Rc8 33. f3 Nf6 34. a3 Nbd5 35. Bd3 Rc5 36. Qxa6 Qe8 37. h6 Qf8 38. Bg5 e4 39. fxe4 Nxc3 40. Bxf6 Qxf6 41. Rxh7+ Kxh7 42. e5+ Ne4+ 43. Kb1 Qxe5 44. Qb7+ R5c7 45. Qxe4+ Qxe4 46. Bxe4+ Kxh6 47. Rg6+ Kh5 48. Rxd6 Rc1+ 49. Ka2 Kg5 50. Bd5 Kf4 51. Bb3 Ke5 52. Rd5+ Ke4 53. a4 R1c5 54. Rxc5 Rxc5 55. Ka3 Rc8 56. Kb4 Kd4 57. Bd1 Rb8+ 58. Ka3 Kc5 59. Be2 Rb4 60. Bd3 Rd4 61. Bb5 Re4 62. b3 Re3 63. Bd7 Rg3 64. a5 Re3 65. Ka4 Re4+ 66. Ka3 Rd4 67. Bf5 Kb5 68. Bd7+ Rxd7 69. b4 Rd3+ 70. Kb2 Kxb4 0-1


[Site "https://www.chess.com"]

[Event "Titled Tuesday Blitz June 1 2021"]
[White "Fedoseev, Vladimir"]
[Black "Sumets, Andrey"]
[WhiteFideId "24130737"]
[BlackFideId "14105500"]
[WhiteElo "2756"]
[BlackElo "2619"]
[Result "1-0"]
[Round "07"]
[TimeControl "180+1"]
[Date "2021.06.01"]
[WhiteClock "0:00:44"]
[BlackClock "0:00:04"]

1. e4 e6 2. d4 d5 3. Nc3 Nf6 4. Bg5 dxe4 5. Nxe4 Nbd7 6. Nf3 h6 7. Nxf6+ Nxf6 8. Be3 Bd6 9. Bd3 O-O 10. c4 b6 11. c5 Be7 12. Ne5 Bb7 13. c6 Bb4+ 14. Kf1 Bc8 15. h4 Bd6 16. Rh3 Nd5 17. Qh5 Bxe5 18. Qxe5 f6 19. Qh5 Nxe3+ 20. fxe3 Qe8 21. Qf3 a5 22. Kg1 Ba6 23. Bc2 Rd8 24. Rg3 Rd6 25. Qf4 Kh8 26. Be4 Bb5 27. Rc1 Bxc6 28. Qg4 Rg8 29. Bg6 Qe7 30. Bd3 f5 31. Qf4 Bd5 32. Rg6 e5 33. Qxf5 Rf8 34. Rxc7 Rxf5 35. Rxe7 Rxg6 36. Bxf5 Rxg2+ 37. Kf1 g6 38. e4 1-0


[Site "https://www.chess.com"]

[Event "Titled Tuesday Blitz June 1 2021"]
[White "Fernandez, Michael"]
[Black "Blomqvist, Erik"]
[WhiteFideId "5803560"]
[BlackFideId "1709437"]
[WhiteElo "2110"]
[BlackElo "2460"]
[Result "0-1"]
[Round "07"]
[TimeControl "180+1"]
[Date "2021.06.01"]
[WhiteClock "0:01:01"]
[BlackClock "0:00:45"]

1. e4 c5 2. Nf3 d6 3. d4 cxd4 4. Qxd4 Nc6 5. Bb5 Bd7 6. Bxc6 bxc6 7. Nc3 e5 8. Qd3 h6 9. Be3 Nf6 10. h3 Be7 11. O-O O-O 12. Nd2 Be6 13. f4 exf4 14. Bxf4 Qb8 15. Nc4 Rd8 16. b3 Qb4 17. Ne3 Nd7 18. Nf5 Bxf5 19. exf5 Bf6 20. Bd2 Nc5 21. Qf3 Qd4+ 22. Kh1 Qxd2 0-1


[Site "https://www.chess.com"]

[Event "Titled Tuesday Blitz June 1 2021"]
[White "Fus, Jakub"]
[Black "Chernomordik, Pavel"]
[WhiteFideId "1193023"]
[BlackFideId "2804530"]
[WhiteElo "2138"]
[BlackElo "2299"]
[Result "1/2-1/2"]
[Round "07"]
[TimeControl "180+1"]
[Date "2021.06.01"]
[WhiteClock "0:00:09"]
[BlackClock "0:00:13"]

1. Nf3 g6 2. g3 Bg7 3. d4 d6 4. Bg2 Nf6 5. O-O O-O 6. c4 c6 7. Nc3 a6 8. b3 b5 9. Bb2 bxc4 10. bxc4 a5 11. Qc2 Ba6 12. Nd2 Nfd7 13. e3 e5 14. Nce4 d5 15. Nc5 Nxc5 16. dxc5 Nd7 17. cxd5 Bxf1 18. Rxf1 cxd5 19. Bxd5 Rc8 20. c6 Nb6 21. Bg2 f5 22. Rd1 Qc7 23. Nb3 a4 24. Nc5 e4 25. Bxg7 Qxg7 26. Ne6 Qf6 27. Nxf8 Rxc6 28. Nd7 Nxd7 29. Qxa4 Nb6 30. Qb3+ Kg7 31. Bf1 Qc3 32. Qb5 Qc5 33. a4 Kh6 34. a5 Qxb5 35. Bxb5 Rc5 36. Rb1 Nd5 37. a6 Nc3 38. a7 Rc8 39. Rb3 Nxb5 40. Rxb5 Rc1+ 41. Kg2 Ra1 42. Rb7 g5 43. h3 Kg6 44. g4 f4 45. Re7 fxe3 46. fxe3 Ra2+ 47. Kg3 Ra3 48. Rxe4 Rxa7 49. Re6+ Kf7 50. Rh6 Kg7 51. Rb6 h6 52. Kf3 Rf7+ 53. Ke4 Rf1 54. Ke5 Rf3 55. e4 Rxh3 56. Rb7+ Kg6 57. Rb6+ Kg7 58. Rb7+ Kg6 59. Rb6+ Kg7 1/2-1/2


[Site "https://www.chess.com"]

[Event "Titled Tuesday Blitz June 1 2021"]
[White "Girsh, Daniel"]
[Black "Vazquez, Facundo"]
[WhiteFideId "30949190"]
[BlackFideId "3007669"]
[WhiteElo "2374"]
[BlackElo "1984"]
[Result "1-0"]
[Round "07"]
[TimeControl "180+1"]
[Date "2021.06.01"]
[WhiteClock "0:02:25"]
[BlackClock "0:01:19"]

1. d4 Nf6 2. c4 g6 3. Nc3 Bg7 4. e4 d6 5. Nf3 O-O 6. Be2 e5 7. d5 a5 8. Bg5 h6 9. Be3 Ng4 10. Bd2 f5 11. h3 Nf6 12. exf5 gxf5 13. Qc1 f4 14. g3 e4 15. Nh4 e3 16. fxe3 fxe3 17. Bxe3 Qe7 18. Ng6 Qe8 19. Nxf8 Qxf8 20. Qd2 Na6 21. a3 Nc5 22. Bxc5 dxc5 23. O-O-O Qd6 24. g4 Nh7 25. Rdf1 Bd7 26. Bd3 Bf6 27. Ne4 Bg5 28. Nxd6 1-0


[Site "https://www.chess.com"]

[Event "Titled Tuesday Blitz June 1 2021"]
[White "Golubev, Mikhail"]
[Black "Oparin, Grigoriy"]
[WhiteFideId "14100983"]
[BlackFideId "24125890"]
[WhiteElo "2374"]
[BlackElo "2628"]
[Result "0-1"]
[Round "07"]
[TimeControl "180+1"]
[Date "2021.06.01"]
[WhiteClock "0:00:13"]
[BlackClock "0:01:28"]

1. e4 c5 2. Nf3 Nc6 3. Nc3 e5 4. Bc4 Be7 5. d3 d6 6. Nd2 Nf6 7. Nf1 Bg4 8. f3 Be6 9. Ne3 O-O 10. O-O a6 11. a4 Na5 12. Ncd5 Nxd5 13. Bxd5 Bg5 14. c3 Bxe3+ 15. Bxe3 Bxd5 16. exd5 b5 17. b4 cxb4 18. cxb4 Nb7 19. Qb3 Qd7 20. Rfc1 Rfc8 21. Rc2 Rxc2 22. Qxc2 Rc8 23. Qb3 h6 24. h3 f6 25. Bb6 Nd8 26. Bxd8 Qxd8 27. Kh2 Qb6 28. axb5 Qxb5 29. Ra5 Qb6 30. Ra2 Kf7 31. Rc2 Rxc2 32. Qxc2 Qxb4 33. Qc7+ Kg6 34. Qc8 a5 35. Qg4+ Qxg4 0-1


[Site "https://www.chess.com"]

[Event "Titled Tuesday Blitz June 1 2021"]
[White "Gormally, Daniel W"]
[Black "Perez Ponsa, Federico"]
[WhiteFideId "406465"]
[BlackFideId "117927"]
[WhiteElo "2543"]
[BlackElo "2672"]
[Result "1/2-1/2"]
[Round "07"]
[TimeControl "180+1"]
[Date "2021.06.01"]
[WhiteClock "0:01:28"]
[BlackClock "0:00:07"]

1. e4 c6 2. d4 d5 3. Nd2 dxe4 4. Nxe4 Nf6 5. Nxf6+ exf6 6. Nf3 Bd6 7. Be2 O-O 8. O-O Re8 9. c4 Nd7 10. Be3 Nf8 11. Re1 Bg4 12. h3 Bf5 13. Bd3 Be6 14. Qb3 Qd7 15. Rad1 Bxh3 16. gxh3 Qxh3 17. Bc1 Ng6 18. Bxg6 hxg6 19. Re3 Rxe3 20. Qxe3 g5 21. Rd3 g4 22. Nd2 Bh2+ 23. Kh1 Bg3+ 24. Kg1 Bh2+ 25. Kh1 Bg3+ 26. Kg1 Bh2+ 1/2-1/2


[Site "https://www.chess.com"]

[Event "Titled Tuesday Blitz June 1 2021"]
[White "Goryachkina, Aleksandra"]
[Black "Torkkola, Henri"]
[WhiteFideId "4147103"]
[BlackFideId "507660"]
[WhiteElo "2441"]
[BlackElo "2137"]
[Result "1-0"]
[Round "07"]
[TimeControl "180+1"]
[Date "2021.06.01"]
[WhiteClock "0:00:16"]
[BlackClock "0:00:02"]

1. e4 d6 2. d4 Nf6 3. Nc3 e5 4. Nf3 Nbd7 5. Bc4 Be7 6. O-O O-O 7. a4 exd4 8. Nxd4 Ne5 9. Ba2 Nc6 10. h3 Nb4 11. Bb3 c5 12. Nf3 Be6 13. Bxe6 fxe6 14. Bd2 d5 15. exd5 exd5 16. Ne2 Nc6 17. Ng3 Ne4 18. Re1 Nxg3 19. fxg3 Bd6 20. Bg5 Qc7 21. Qxd5+ Kh8 22. g4 Rxf3 23. Qxf3 Rf8 24. Qd5 Bh2+ 25. Kh1 Nd4 26. Rf1 Rg8 27. Rae1 h6 28. Bh4 Nxc2 29. Re7 Qb8 30. Rxb7 Qc8 31. Re7 Bb8 32. Qe4 Nd4 33. Bf6 1-0


[Site "https://www.chess.com"]

[Event "Titled Tuesday Blitz June 1 2021"]
[White "Grieve, Harry"]
[Black "elcandado"]
[WhiteFideId "426520"]
[WhiteElo "2191"]
[BlackElo "2651"]
[Result "1-0"]
[Round "07"]
[TimeControl "180+1"]
[Date "2021.06.01"]
[WhiteClock "0:02:30"]
[BlackClock "0:01:34"]

1. d4 Nf6 2. Bg5 d5 3. Bxf6 gxf6 4. c4 dxc4 5. e3 b5 6. a4 c6 7. axb5 cxb5 8. Qf3 Qc7 9. Qxa8 Nc6 10. Nc3 e6 11. Nxb5 Bb4+ 12. Kd1 Qd7 13. Nxa7 Ne7 14. Nxc8 Nxc8 15. Qa4 1-0


[Site "https://www.chess.com"]

[Event "Titled Tuesday Blitz June 1 2021"]
[White "Herrera Reyes, Jose Antonio"]
[Black "Nasyrova, Ekaterina"]
[WhiteFideId "2274914"]
[BlackFideId "44157797"]
[WhiteElo "2370"]
[BlackElo "2115"]
[Result "1-0"]
[Round "07"]
[TimeControl "180+1"]
[Date "2021.06.01"]
[WhiteClock "0:00:24"]
[BlackClock "0:00:01"]

1. Nf3 d5 2. g3 e6 3. Bg2 Nf6 4. O-O Bd6 5. d3 O-O 6. e4 dxe4 7. dxe4 Nxe4 8. Qe2 Nf6 9. Rd1 Nbd7 10. Nc3 Qe7 11. Bg5 h6 12. Be3 Rd8 13. Nd4 a6 14. Re1 Qf8 15. Rad1 Rb8 16. a3 Nb6 17. Nb3 Be7 18. Rxd8 Qxd8 19. Rd1 Qe8 20. Bf4 Bd8 21. Nc5 Nbd7 22. Nb3 e5 23. Re1 c6 24. Qd2 Bc7 25. Be3 Qf8 26. Na4 Ng4 27. Ba7 Ra8 28. Bc5 Nxc5 29. Naxc5 Bb6 30. Qb4 Ba7 31. Qc3 Bf5 32. h3 Nf6 33. Qxe5 Bxc2 34. Qc3 Bf5 35. Nxb7 Re8 36. Rf1 Re6 37. N7a5 Re2 38. Nxc6 Bb6 39. Nbd4 1-0


[Site "https://www.chess.com"]

[Event "Titled Tuesday Blitz June 1 2021"]
[White "Hristodorescu, Daniel"]
[Black "Tokhirjonova, Gulrukhbegim"]
[WhiteFideId "1203100"]
[BlackFideId "14203626"]
[WhiteElo "2175"]
[BlackElo "2236"]
[Result "0-1"]
[Round "07"]
[TimeControl "180+1"]
[Date "2021.06.01"]
[WhiteClock "0:00:20"]
[BlackClock "0:00:13"]

1. e4 e5 2. Nf3 Nc6 3. Bb5 a6 4. Ba4 Nf6 5. O-O Nxe4 6. d4 b5 7. Bb3 d5 8. dxe5 Be6 9. Nbd2 Be7 10. Nxe4 dxe4 11. Bxe6 fxe6 12. Nd2 Qd5 13. Qh5+ g6 14. Qg4 O-O 15. Qxe4 Nxe5 16. Re1 Bd6 17. Nb3 Rf5 18. f4 Nc4 19. Qxe6+ Qxe6 20. Rxe6 Raf8 21. Nd4 Rd5 22. Nf3 Bc5+ 23. Kf1 g5 24. b3 Nd6 25. Re5 Rxe5 26. fxe5 Ne4 27. Ke2 g4 28. Ng5 Rf2+ 29. Kd3 Nxg5 30. Bxg5 Rxg2 31. Bf4 Rf2 32. Ke4 h5 33. Bg3 Rxc2 34. Kd5 Bf8 35. Rf1 Rxa2 36. Ke6 Re2 37. Rf5 h4 38. Bxh4 Rxh2 39. Bf6 Kh7 40. Rg5 Rg2 41. Kf7 Bh6 42. Rh5 g3 43. e6 Re2 44. e7 g2 45. Bg5 Rf2+ 46. Ke8 Kg6 47. Rxh6+ Kxg5 48. Rh8 Kf6 49. Rg8 Re2 50. Rf8+ Kg7 51. Rg8+ Kxg8 52. Kd7 Rxe7+ 53. Kxe7 g1=Q 0-1


[Site "https://www.chess.com"]

[Event "Titled Tuesday Blitz June 1 2021"]
[White "Ibrahimli, Murad"]
[Black "Piesik, Piotr"]
[WhiteFideId "13410229"]
[BlackFideId "1136194"]
[WhiteElo "2109"]
[BlackElo "2369"]
[Result "1-0"]
[Round "07"]
[TimeControl "180+1"]
[Date "2021.06.01"]
[WhiteClock "0:00:34"]
[BlackClock "0:00:47"]

1. Nf3 g6 2. g3 Bg7 3. d4 d5 4. Bg2 Nf6 5. O-O O-O 6. c4 dxc4 7. Na3 Nc6 8. Nxc4 Be6 9. b3 Bd5 10. Bb2 a5 11. Ne3 Be4 12. a3 Nd5 13. Nc4 Nf6 14. Rc1 a4 15. b4 e6 16. Ncd2 Bd5 17. Qc2 Bxf3 18. Nxf3 Nd5 19. e4 Nb6 20. Rfd1 Qe7 21. d5 exd5 22. Bxg7 Kxg7 23. exd5 Na7 24. Qxc7 Qxc7 25. Rxc7 Rab8 26. Nd4 Kg8 27. d6 Rfd8 28. d7 Rxd7 29. Rxd7 Nxd7 30. Bf1 Ne5 31. Nb5 Nac6 32. f4 Ng4 33. Rd7 Nf6 34. Rd6 Ne4 35. Rd7 Nf6 36. Rd1 Rd8 37. Rxd8+ Nxd8 38. Nc3 Nc6 39. Bg2 Kf8 40. Nxa4 Nd7 41. Kf2 Ke7 42. Ke3 Kd6 43. Nc3 Nb6 44. Ne4+ Ke7 45. Kd3 Nd7 46. Nc5 Nxc5+ 47. bxc5 Nd8 48. Kc4 Kd7 49. Bd5 Kc7 50. Kb5 f6 51. g4 g5 52. f5 h6 53. a4 Kd7 54. Kb6 Kc8 55. a5 Kb8 56. Bxb7 Nxb7 57. a6 Nd8 58. c6 1-0


[Site "https://www.chess.com"]

[Event "Titled Tuesday Blitz June 1 2021"]
[White "Iniyan, P"]
[Black "Nitin, S."]
[WhiteFideId "25002767"]
[BlackFideId "5018277"]
[WhiteElo "2400"]
[BlackElo "2431"]
[Result "1-0"]
[Round "07"]
[TimeControl "180+1"]
[Date "2021.06.01"]
[WhiteClock "0:00:37"]
[BlackClock "0:00:02"]

1. d4 Nf6 2. c4 g6 3. Nc3 Bg7 4. e4 d6 5. f3 O-O 6. Be3 a6 7. Nge2 Nc6 8. Qd2 Na5 9. Nc1 Nd7 10. Rb1 c5 11. d5 Ne5 12. b3 f5 13. Be2 Bd7 14. O-O Rb8 15. a4 e6 16. f4 Nf7 17. e5 dxe5 18. Bxc5 exf4 19. b4 Qf6 20. N1a2 Rfc8 21. Qxf4 e5 22. Qf2 b6 23. bxa5 bxc5 24. Rxb8 Rxb8 25. Qxc5 e4 26. Qc7 Rd8 27. c5 Bxa4 28. d6 Qd4+ 29. Kh1 Bb3 30. Bxa6 Bf6 31. Bb5 e3 32. a6 Ne5 33. a7 Rf8 34. Qb7 Ng4 35. a8=Q Rxa8 36. Qxa8+ Kg7 37. Qa3 Be6 38. Ne2 Qd2 39. Nac3 Nf2+ 40. Kg1 f4 41. Qc1 1-0


[Site "https://www.chess.com"]

[Event "Titled Tuesday Blitz June 1 2021"]
[White "Iskusnyh, Sergei"]
[Black "Ishbaev, Alibek"]
[WhiteFideId "4120027"]
[BlackFideId "14205017"]
[WhiteElo "2492"]
[BlackElo "2369"]
[Result "0-1"]
[Round "07"]
[TimeControl "180+1"]
[Date "2021.06.01"]
[WhiteClock "0:00:12"]
[BlackClock "0:00:19"]

1. d4 g6 2. c4 Bg7 3. Nf3 c5 4. d5 f5 5. g3 d6 6. Bg2 Nf6 7. O-O O-O 8. Nc3 Na6 9. Re1 Rb8 10. e4 fxe4 11. Nxe4 Nxe4 12. Rxe4 Bf5 13. Re2 b5 14. Bg5 Bf6 15. Bxf6 exf6 16. Nh4 Bg4 17. Bf3 Bxf3 18. Nxf3 bxc4 19. Qc2 Re8 20. Rae1 Rxe2 21. Rxe2 Nc7 22. Qxc4 Qd7 23. Qc3 Kf7 24. b3 Re8 25. Rxe8 Qxe8 26. Qa5 Nxd5 27. Qxa7+ Qe7 28. Qa8 Nc7 29. Qh8 Ke6 30. Qg8+ Kd7 31. h4 Nb5 32. Qc4 Nc7 33. a4 Qe6 34. Qc1 Qe4 35. Qd1 Nd5 36. a5 Nc3 37. Nd2 Qd3 38. Qe1 Ne2+ 39. Kh2 Nd4 40. Qe3 Qxd2 41. Qe4 Qxf2+ 42. Kh3 Qf1+ 43. Kh2 Qf2+ 44. Kh3 Qf5+ 45. Qxf5+ Nxf5 46. a6 Kc6 47. g4 Nd4 48. Kg3 Nxb3 49. g5 fxg5 0-1


[Site "https://www.chess.com"]

[Event "Titled Tuesday Blitz June 1 2021"]
[White "Ivanisevic, Ivan"]
[Black "Nguyen, Hong Anh"]
[WhiteFideId "912417"]
[BlackFideId "12406732"]
[WhiteElo "2727"]
[BlackElo "2557"]
[Result "1-0"]
[Round "07"]
[TimeControl "180+1"]
[Date "2021.06.01"]
[WhiteClock "0:00:29"]
[BlackClock "0:00:18"]

1. d4 Nf6 2. c4 g6 3. Nc3 d5 4. Nf3 Bg7 5. Qb3 dxc4 6. Qxc4 O-O 7. e4 a6 8. e5 b5 9. Qb3 Be6 10. exf6 Bxb3 11. fxg7 Kxg7 12. axb3 Nc6 13. Be2 Nxd4 14. Nxd4 Qxd4 15. O-O b4 16. Na4 Rfd8 17. Be3 Qf6 18. Rfc1 Rac8 19. g3 h5 20. Rc4 a5 21. Rac1 Rd7 22. h4 Qe5 23. Bf3 Rcd8 24. Kg2 Rd3 25. Re4 Qd6 26. Bf4 Qd5 27. Re3 Qxb3 28. Nc5 Rxe3 29. Nxb3 Rxb3 30. Rxc7 e6 31. Be5+ Kg8 32. Bf6 Rb8 33. Be2 a4 34. Bc4 Rc3 35. Bxc3 bxc3 36. bxc3 a3 37. Ra7 Rc8 38. Ra4 a2 39. Bxa2 Rxc3 40. Ra7 Kg7 41. Bxe6 1-0


[Site "https://www.chess.com"]